TOP OF THE 1ST |
Gresham Gold Souls batting - Pitching for Mexico City Cerveceros : RHP Darryl Carter
|
Pitching: RHP Darryl Carter
|
|
Batting: RHB Elpidio Martinho
|
0-0: Ball 1-0: Called Strike 1-1: Swinging Strike 1-2: Ball 2-2: Foul Ball, location: 2F 2-2: Ball 3-2: Base on Balls
|
Batting: LHB Bill Smith
|
0-0: Ball 1-0: Foul Ball, location: 2F 1-1: Foul Ball, location: 2F 1-2: Foul Ball, location: 2F 1-2: Ball 2-2: Fielders Choice at 2nd, 3-6 (Groundball, 3)
|
Batting: RHB Lorenzo Morín
|
0-0: Grounds into double play, 6-4-3 (Groundball, 6)
|
Top of the 1st over - 0 run(s), 0 hit(s), 0 error(s), 0 left on base; Gresham 0 - Mexico City 0 |
BOTTOM OF THE 1ST |
Mexico City Cerveceros batting - Pitching for Gresham Gold Souls : RHP Luis Fernández
|
Pitching: RHP Luis Fernández
|
|
Batting: LHB John Nicholson
|
0-0: Ball 1-0: Foul Ball, location: 2F 1-1: Foul Ball, location: 2F 1-2: Ground out U3 (Groundball, 34)
|
Batting: RHB Robert Johnson
|
0-0: Ball 1-0: Fly out, F8 (Flyball, 8RS)
|
Batting: RHB Arnold Harmon
|
0-0: Ball 1-0: Called Strike 1-1: Swinging Strike 1-2: Strikes out swinging
|
Bottom of the 1st over - 0 run(s), 0 hit(s), 0 error(s), 0 left on base; Gresham 0 - Mexico City 0 |
TOP OF THE 2ND |
Gresham Gold Souls batting - Pitching for Mexico City Cerveceros : RHP Darryl Carter
|
Batting: RHB Matt Davidson
|
0-0: Called Strike 0-1: Ground out 5-3 (Groundball, 5)
|
Batting: RHB Mario Méndez
|
0-0: Called Strike 0-1: Ball 1-1: Swinging Strike 1-2: Foul Ball, location: 2F 1-2: Fly out, F2 (Popup, 5S)
|
Batting: RHB Pablo Castillo
|
0-0: SINGLE (Groundball, 6MD)
|
Batting: SHB Todd Smith
|
0-0: Foul Ball, location: 2F 0-1: Called Strike 0-2: Strikes out swinging
|
Top of the 2nd over - 0 run(s), 1 hit(s), 0 error(s), 1 left on base; Gresham 0 - Mexico City 0 |
BOTTOM OF THE 2ND |
Mexico City Cerveceros batting - Pitching for Gresham Gold Souls : RHP Luis Fernández
|
Batting: RHB Juan Jose Guevana
|
0-0: Ball 1-0: Fly out, F4 (Line Drive, 4)
|
Batting: RHB Hamilton Holbrook
|
0-0: Swinging Strike 0-1: Swinging Strike 0-2: Strikes out swinging
|
Batting: LHB Gary Kern
|
0-0: Foul Ball, location: 2F 0-1: Ball 1-1: Called Strike 1-2: Ball 2-2: Strikes out looking
|
Bottom of the 2nd over - 0 run(s), 0 hit(s), 0 error(s), 0 left on base; Gresham 0 - Mexico City 0 |
TOP OF THE 3RD |
Gresham Gold Souls batting - Pitching for Mexico City Cerveceros : RHP Darryl Carter
|
Batting: LHB Jeff Doss
|
0-0: Ball 1-0: Fly out, F8 (Flyball, 8LM)
|
Batting: RHB Rob Bailey
|
0-0: Swinging Strike 0-1: Called Strike 0-2: Ball 1-2: Ball 2-2: Ball 3-2: Strikes out looking
|
Batting: RHB Elpidio Martinho
|
0-0: Ground out 4-3 (Groundball, 4)
|
Top of the 3rd over - 0 run(s), 0 hit(s), 0 error(s), 0 left on base; Gresham 0 - Mexico City 0 |
BOTTOM OF THE 3RD |
Mexico City Cerveceros batting - Pitching for Gresham Gold Souls : RHP Luis Fernández
|
Batting: RHB Dave Morgan
|
0-0: Ball 1-0: Foul Ball, location: 2F 1-1: Fly out, F8 (Flyball, 78XD)
|
Batting: LHB Don Soper
|
0-0: Foul Ball, location: 2F 0-1: Foul Ball, location: 2F 0-2: Foul Ball, location: 2F 0-2: Ball 1-2: Foul Ball, location: 2F 1-2: SINGLE (Groundball, 56D)
|
Batting: RHB Orlando Núñes
|
0-0: Foul Ball, location: 2F 0-1: Ball 1-1: SINGLE (Groundball, 6MD) Don Soper to second
|
Batting: LHB John Nicholson
|
0-0: Foul Ball, location: 2F 0-1: Ball 1-1: Foul Ball, location: 2F 1-2: DOUBLE (Line Drive, 7LM) Don Soper scores Orlando Núñes to third
|
Batting: RHB Robert Johnson
|
0-0: Called Strike 0-1: Ball 1-1: Ball 2-1: Ball 3-1: Foul Ball, location: 2F 3-2: Base on Balls
|
Batting: RHB Arnold Harmon
|
0-0: Foul Ball, location: 2F 0-1: Grounds into double play, 6-4-3 (Groundball, 56)
|
Bottom of the 3rd over - 1 run(s), 3 hit(s), 0 error(s), 2 left on base; Gresham 0 - Mexico City 1 |
TOP OF THE 4TH |
Gresham Gold Souls batting - Pitching for Mexico City Cerveceros : RHP Darryl Carter
|
Batting: LHB Bill Smith
|
0-0: Foul Ball, location: 2F 0-1: Foul Ball, location: 2F 0-2: Strikes out swinging
|
Batting: RHB Lorenzo Morín
|
0-0: Foul Ball, location: 2F 0-1: Ball 1-1: Fly out, F7 (Flyball, 78S)
|
Batting: RHB Matt Davidson
|
0-0: Ball 1-0: Foul Ball, location: 2F 1-1: Foul Ball, location: 2F 1-2: Foul Ball, location: 2F 1-2: Ball 2-2: Foul Ball, location: 2F 2-2: Ground out 6-3 (Groundball, 6M)
|
Top of the 4th over - 0 run(s), 0 hit(s), 0 error(s), 0 left on base; Gresham 0 - Mexico City 1 |
BOTTOM OF THE 4TH |
Mexico City Cerveceros batting - Pitching for Gresham Gold Souls : RHP Luis Fernández
|
Batting: RHB Juan Jose Guevana
|
0-0: Ball 1-0: Ball 2-0: SOLO HOME RUN (Flyball, 7D), Distance : 364 ft
|
Batting: RHB Hamilton Holbrook
|
0-0: Called Strike 0-1: Ball 1-1: Called Strike 1-2: Foul Ball, location: 2F 1-2: Ball 2-2: Foul Ball, location: 2F 2-2: Foul Ball, location: 2F 2-2: Ball 3-2: Foul Ball, location: 2F 3-2: Strikes out swinging
|
Batting: LHB Gary Kern
|
0-0: Ball 1-0: Foul Ball, location: 2F 1-1: Ball 2-1: Ball 3-1: Called Strike 3-2: Ground out 4-3 (Groundball, 4S)
|
Batting: RHB Dave Morgan
|
0-0: Ball 1-0: Fly out, F9 (Flyball, 9S)
|
Bottom of the 4th over - 1 run(s), 1 hit(s), 0 error(s), 0 left on base; Gresham 0 - Mexico City 2 |
TOP OF THE 5TH |
Gresham Gold Souls batting - Pitching for Mexico City Cerveceros : RHP Darryl Carter
|
Batting: RHB Mario Méndez
|
0-0: Called Strike 0-1: SINGLE (Groundball, 34D)
|
Batting: RHB Pablo Castillo
|
0-0: Called Strike 0-1: Ball 1-1: Called Strike 1-2: Foul Ball, location: 2F 1-2: Fly out, F9 (Flyball, 89S)
|
Batting: SHB Todd Smith
|
0-0: Called Strike 0-1: Called Strike 0-2: Ball 1-2: Foul Ball, location: 2F 1-2: Ball 2-2: Foul Ball, location: 2F 2-2: Foul Ball, location: 2F 2-2: Foul Ball, location: 2F 2-2: Ball Wild Pitch! Mario Méndez to second 3-2: Ground out 4-3 (Groundball, 4M) Mario Méndez to third
|
Batting: LHB Jeff Doss
|
0-0: Called Strike 0-1: Ball 1-1: Foul Ball, location: 2F 1-2: 2-RUN HOME RUN (Flyball, 8LXD), Distance : 422 ft
|
Batting: RHB Rob Bailey
|
0-0: Ball 1-0: SINGLE (Flyball, 89S)
|
Batting: RHB Elpidio Martinho
|
0-0: Ball Rob Bailey is caught stealing 2nd base
|
Top of the 5th over - 2 run(s), 3 hit(s), 0 error(s), 0 left on base; Gresham 2 - Mexico City 2 |
BOTTOM OF THE 5TH |
Mexico City Cerveceros batting - Pitching for Gresham Gold Souls : RHP Luis Fernández
|
Batting: LHB Don Soper
|
0-0: Ball 1-0: Ground out 4-3 (Groundball, 4M)
|
Batting: RHB Orlando Núñes
|
0-0: DOUBLE (Flyball, 89D)
|
Pitching: RHP Paul Miller
|
|
Batting: LHB John Nicholson
|
0-0: Ball 1-0: Ball 2-0: Ball 3-0: Base on Balls
|
Batting: RHB Robert Johnson
|
0-0: SINGLE (Flyball, 9LS) Orlando Núñes to third John Nicholson to second Runner from 3rd tries for Home, SAFE, no throw
|
Batting: RHB Arnold Harmon
|
0-0: Ball 1-0: Ball 2-0: DOUBLE (Line Drive, 7LM) John Nicholson scores Robert Johnson to third
|
Batting: RHB Juan Jose Guevana
|
0-0: Ground out 4-3 (Groundball, 4M) Robert Johnson scores Arnold Harmon to third
|
Batting: RHB Hamilton Holbrook
|
0-0: Called Strike 0-1: Ball 1-1: Ground out 5-3 (Groundball, 56S)
|
Bottom of the 5th over - 3 run(s), 3 hit(s), 0 error(s), 1 left on base; Gresham 2 - Mexico City 5 |
TOP OF THE 6TH |
Gresham Gold Souls batting - Pitching for Mexico City Cerveceros : RHP Darryl Carter
|
Batting: RHB Elpidio Martinho
|
0-0: Ball 1-0: Ball 2-0: Called Strike 2-1: Swinging Strike 2-2: SINGLE (Flyball, 8RS)
|
Batting: LHB Bill Smith
|
0-0: Ground out 4-3 (Groundball, 34) Elpidio Martinho to second
|
Batting: RHB Lorenzo Morín
|
0-0: Swinging Strike 0-1: Ball 1-1: Called Strike 1-2: Ball 2-2: Fly out, F9 (Flyball, 89M)
|
Batting: RHB Matt Davidson
|
0-0: Called Strike 0-1: Ball 1-1: Foul Ball, location: 2F 1-2: SINGLE (Groundball, 6MD) Elpidio Martinho to third Runner from 3rd tries for Home, SAFE, no throw
|
Batting: RHB Mario Méndez
|
0-0: SINGLE (Groundball, 56D) Matt Davidson to second
|
Batting: RHB Pablo Castillo
|
0-0: DOUBLE (Flyball, 7D) Matt Davidson scores Mario Méndez to third
|
Batting: SHB Todd Smith
|
0-0: Ball 1-0: Ground out 4-3 (Groundball, 4)
|
Top of the 6th over - 2 run(s), 4 hit(s), 0 error(s), 2 left on base; Gresham 4 - Mexico City 5 |
BOTTOM OF THE 6TH |
Mexico City Cerveceros batting - Pitching for Gresham Gold Souls : RHP Paul Miller
|
Pitching: RHP León Trevino
|
|
Batting: LHB Gary Kern
|
0-0: Ball 1-0: SINGLE (Line Drive, 4MD)
|
Batting: RHB Dave Morgan
|
0-0: Fly out, F8 (Flyball, 8RM) Lined into DP, 8-3 (Flyball, 8RM)
|
Batting: LHB Don Soper
|
0-0: Called Strike 0-1: Called Strike 0-2: SINGLE (Groundball, 5D)
|
Batting: RHB Orlando Núñes
|
0-0: Ball 1-0: 2-RUN HOME RUN (Flyball, 7D), Distance : 364 ft
|
Batting: LHB John Nicholson
|
0-0: Ball 1-0: Ball 2-0: Called Strike 2-1: Foul Ball, location: 2F 2-2: Ground out 4-3 (Groundball, 4)
|
Bottom of the 6th over - 2 run(s), 3 hit(s), 0 error(s), 0 left on base; Gresham 4 - Mexico City 7 |
TOP OF THE 7TH |
Gresham Gold Souls batting - Pitching for Mexico City Cerveceros : RHP Darryl Carter
|
Batting: LHB Jeff Doss
|
0-0: Foul Ball, location: 2F 0-1: Foul Ball, location: 2F 0-2: SINGLE (Groundball, 6D)
|
Pitching: RHP Clint Tancock
|
|
Batting: RHB Rob Bailey
|
0-0: Called Strike 0-1: Ball 1-1: Ball 2-1: Foul Ball, location: 2F 2-2: Strikes out swinging
|
Batting: RHB Elpidio Martinho
|
0-0: Swinging Strike 0-1: Ball 1-1: Ball 2-1: Fielders Choice at 2nd, 6-4 (Groundball, 6)
|
Batting: LHB Bill Smith
|
0-0: Ball 1-0: Called Strike 1-1: Called Strike 1-2: Ball 2-2: Strikes out swinging
|
Top of the 7th over - 0 run(s), 1 hit(s), 0 error(s), 1 left on base; Gresham 4 - Mexico City 7 |
BOTTOM OF THE 7TH |
Mexico City Cerveceros batting - Pitching for Gresham Gold Souls : RHP León Trevino
|
Pitching: RHP José González
|
|
Batting: RHB Robert Johnson
|
0-0: Called Strike 0-1: DOUBLE (Line Drive, 7LM)
|
Batting: RHB Arnold Harmon
|
0-0: Ball 1-0: Ball 2-0: SINGLE (Line Drive, 8LS) Robert Johnson to third
|
Batting: RHB Juan Jose Guevana
|
0-0: Ball 1-0: Swinging Strike 1-1: Ball 2-1: Ball 3-1: Called Strike 3-2: 3-RUN HOME RUN (Flyball, 78XD), Distance : 392 ft
|
Pitching: LHP Shawn Taylor
|
|
Batting: RHB Hamilton Holbrook
|
0-0: DOUBLE (Line Drive, 9LD)
|
Batting: LHB Gary Kern
|
0-0: Ball 1-0: Foul Ball, location: 2F 1-1: Ball 2-1: Swinging Strike 2-2: Foul Ball, location: 2F 2-2: Ball 3-2: Foul Ball, location: 2F 3-2: Base on Balls
|
Batting: RHB Dave Morgan
|
0-0: Ball 1-0: Ball 2-0: Ball 3-0: Base on Balls Hamilton Holbrook to third Gary Kern to second
|
Batting: LHB Don Soper
|
0-0: SINGLE (Line Drive, 56D) Hamilton Holbrook scores Gary Kern to third Dave Morgan to second
|
Batting: RHB Orlando Núñes
|
0-0: Foul Ball, location: 2F 0-1: DOUBLE (Line Drive, 8LD) Gary Kern scores Dave Morgan scores Don Soper to third
|
Batting: LHB John Nicholson
|
0-0: Ball 1-0: Ball 2-0: Fly out, F7 (Flyball, 7LSF) Runner from 3rd tags up, SCORES, no throw
|
Pitching: RHP Robbie O'Neil
|
|
Batting: RHB Robert Johnson
|
0-0: Called Strike 0-1: SINGLE (Line Drive, 6MD) Orlando Núñes to third
|
Batting: RHB Arnold Harmon
|
0-0: Ball 1-0: DOUBLE (Groundball, 3L) Orlando Núñes scores Robert Johnson to third
|
Batting: RHB Juan Jose Guevana
|
0-0: Ball 1-0: Ball 2-0: Ball 3-0: Base on Balls
|
Pinch Hitting: RHB Robinson Pacheco
|
0-0: Ball 1-0: Ball 2-0: Called Strike 2-1: Ball 3-1: Fly out, F8 (Flyball, 8LD) Runner from 3rd tags up, SCORES, no throw Arnold Harmon to third
|
Batting: LHB Gary Kern
|
0-0: Called Strike 0-1: Foul Ball, location: 2F 0-2: Ball 1-2: Foul Ball, location: 2F 1-2: Ball 2-2: Fly out, F4 (Line Drive, 4)
|
Bottom of the 7th over - 9 run(s), 8 hit(s), 0 error(s), 2 left on base; Gresham 4 - Mexico City 16 |
TOP OF THE 8TH |
Gresham Gold Souls batting - Pitching for Mexico City Cerveceros : RHP Clint Tancock
|
Now at 3B: Robinson Pacheco
|
|
Now in CF: Domingo Cardona
|
|
Batting: RHB Lorenzo Morín
|
0-0: Called Strike 0-1: Swinging Strike 0-2: Ball 1-2: Foul Ball, location: 2F 1-2: Foul Ball, location: 2F 1-2: Ground out 6-3 (Groundball, 6)
|
Pinch Hitting: SHB Sean Carr
|
0-0: Ball 1-0: Called Strike 1-1: Fly out, F6 (Popup, 6)
|
Batting: RHB Mario Méndez
|
0-0: Ball 1-0: SINGLE (Line Drive, 78S)
|
Batting: RHB Pablo Castillo
|
0-0: Hit by Pitch Mario Méndez to second
|
Pinch Runner at 1st Juan López:
|
|
Batting: SHB Todd Smith
|
0-0: Reached via error on a dropped throw, E3 Mario Méndez to third Juan López to second
|
Batting: LHB Jeff Doss
|
0-0: Ball 1-0: SINGLE (Flyball, 5D) Mario Méndez scores Juan López to third Todd Smith to second
|
Batting: RHB Rob Bailey
|
0-0: Called Strike 0-1: Ball 1-1: Called Strike 1-2: Strikes out swinging
|
Top of the 8th over - 1 run(s), 2 hit(s), 1 error(s), 3 left on base; Gresham 5 - Mexico City 16 |
BOTTOM OF THE 8TH |
Mexico City Cerveceros batting - Pitching for Gresham Gold Souls : RHP Robbie O'Neil
|
Now at 1B: Sean Carr
|
|
Now at 3B: Juan López
|
|
Batting: RHB Dave Morgan
|
0-0: Ball 1-0: Called Strike 1-1: Ball 2-1: Ball 3-1: Foul Ball, location: 2F 3-2: Foul Ball, location: 2F 3-2: SINGLE (Groundball, 56D)
|
Batting: LHB Don Soper
|
0-0: Called Strike 0-1: Ball 1-1: Fielders Choice at 2nd, 4-6 (Groundball, 4)
|
Batting: RHB Orlando Núñes
|
0-0: Called Strike 0-1: Ball 1-1: Ball Error on foul ball, E5 2-2: Strikes out swinging
|
Batting: LHB John Nicholson
|
0-0: Ball 1-0: Ball 2-0: Called Strike 2-1: Ball 3-1: Base on Balls Don Soper to second
|
Batting: RHB Robert Johnson
|
0-0: Ball 1-0: Foul Ball, location: 2F 1-1: Ball 2-1: Ball 3-1: Foul Ball, location: 2F 3-2: SINGLE (Groundball, 6MD) Don Soper to third John Nicholson to second Don Soper scores John Nicholson to third
|
Batting: RHB Arnold Harmon
|
0-0: Ball 1-0: Ball 2-0: SINGLE (Groundball, 56S) (infield hit) John Nicholson scores Robert Johnson to second
|
Batting: RHB Juan Jose Guevana
|
0-0: Ball 1-0: Called Strike 1-1: Called Strike 1-2: Ball 2-2: Ball 3-2: Strikes out swinging
|
Bottom of the 8th over - 2 run(s), 3 hit(s), 1 error(s), 2 left on base; Gresham 5 - Mexico City 18 |
TOP OF THE 9TH |
Gresham Gold Souls batting - Pitching for Mexico City Cerveceros : RHP Clint Tancock
|
Batting: RHB Elpidio Martinho
|
0-0: Reached on error, E4 (Groundball, 34)
|
Batting: LHB Bill Smith
|
0-0: SINGLE (Groundball, 34) (infield hit) Elpidio Martinho to third
|
Batting: RHB Lorenzo Morín
|
0-0: Ball 1-0: Ball 2-0: Grounds into double play, 1-4-3 (Groundball, 15S)
|
Batting: SHB Sean Carr
|
0-0: Fly out, F7 (Flyball, 7LMF)
|
Top of the 9th over - 0 run(s), 1 hit(s), 1 error(s), 1 left on base; Gresham 5 - Mexico City 18 |
|